 Dungeon Crawl Stone Soup version 0.18.1-5-g4a78601 (webtiles) character file.

309 shmeve the Skirmisher (level 6, -9/56 HPs)
             Began as a Minotaur Berserker on May 15, 2016.
             Was a Priest of Trog.
             Mangled by an ogre
             ... wielding a +0 giant club
              (23 damage)
             ... on level 3 of the Dungeon.
             The game lasted 00:04:26 (2255 turns).

shmeve the Skirmisher (Minotaur Berserker)          Turns: 2255, Time: 00:04:26

Health: -9/56      AC:  4    Str: 22    XL:     6   Next: 17%
Magic:  5/5        EV: 13    Int:  5    God:    Trog [***...]
Gold:   95         SH:  0    Dex: 10    Spells: 0 memorised, 5 levels left

rFire  . . .     SeeInvis .     a - +0 hand axe
rCold  . . .     Gourm    .     b - +0 animal skin
rNeg   . . .     Faith    .     (no shield)
rPois  .         Spirit   .     (helmet restricted)
rElec  .         Dismiss  .     p - +0 cloak
rCorr  .         Reflect  .     (no gloves)
SustAt .         Harm     .     q - +0 pair of boots
MR     .....                    (no amulet)
Stlth  +.........               (no ring)
                                (no ring)

@: slowed, very slow, not resistant to hostile enchantments, very unstealthy
A: retaliatory headbutt, horns 2
a: Berserk, Trog's Hand, Burn Spellbooks, Renounce Religion


You were on level 3 of the Dungeon.
You worshipped Trog.
Trog was most pleased with you.
You were not hungry.

You visited 1 branch of the dungeon, and saw 3 of its levels.

You collected 95 gold pieces.

Inventory:

Hand Weapons
 a - a +0 hand axe (weapon)
Armour
 b - a +0 animal skin (worn)
 p - a +0 cloak (worn)
 q - a +0 pair of boots (worn)
Scrolls
 d - 3 scrolls of identify {unknown}
 e - a scroll of enchant weapon {unknown}
 g - a scroll of enchant armour {unknown}
 i - a scroll of recharging {unknown}
 m - 3 scrolls of remove curse {unknown}
 n - a scroll of teleportation {unknown}
 r - a scroll of noise {unknown}
Potions
 h - a potion of berserk rage
 j - a potion of flight {unknown}
 k - a potion of cure mutation {unknown}
 l - a potion of lignification {unknown}
 s - a potion of agility {unknown}
 u - a potion of brilliance {unknown}
Comestibles
 c - 5 bread rations
 f - a beef jerky
 t - 3 chunks of flesh


   Skills:
 * Level 5.6 Fighting
 * Level 5.5 Axes
 + Level 3.9 Armour
 + Level 3.5 Dodging


You had 5 spell levels left.
You didn't know any spells.

Dungeon Overview and Level Annotations

Branches:
Dungeon (3/15)

Altars:
Fedhas
Gozag
Makhleb


Innate Abilities, Weirdness & Mutations

You reflexively headbutt those who attack you in melee.
You have a pair of horns on your head.


Message History

a dagger; a robe; a hound corpse
There is an open door here.
A giant cockroach comes into view.
An ogre comes into view. It is wielding a giant club.
Some of the chunks of flesh in your inventory have rotted away.
The giant cockroach barely misses you. You furiously retaliate!
You headbutt the giant cockroach!
You kill the giant cockroach!
Trog accepts your kill.
You hit the ogre but do no damage.
You feel less exhausted. The ogre hits you with a giant club!!
You hit the ogre.
The ogre is lightly wounded.
The ogre closely misses you. The ogre hits you with a giant club!
* * * LOW HITPOINT WARNING * * *
You hit the ogre.
The ogre is lightly wounded.
The ogre hits you with a giant club!!
You die...

.#........# .#........#
.#........#
.#........###########
.#........#.........#
.#........#.........#
.#†.......#.........#
..........+....O....+
##........#.....@...#
##........#.........#
##.##.##.##.........########
##.##.##.##.................
##.##.##†##.................
##.##.##.##.................
.#.##.##..+.........########
.#. #.#...#.........# .#
#.+.............#


You could see an ogre.

Vanquished Creatures
  2 hounds (D:3)
  Crazy Yiuf (D:2)
  An orc priest (D:3)
  2 orc wizards (D:3)
  Robin (D:2)
  3 adders
  5 worms
  4 dart slugs
  3 giant geckos
  3 orcs (D:3)
  8 bats
  5 giant cockroaches
  7 hobgoblins
  3 jackals (D:3)
  2 kobolds (D:1)
  A quokka (D:3)
  2 giant newts
  14 goblins
  7 rats
74 creatures vanquished.

Notes
Turn   | Place    | Note
--------------------------------------------------------------
     0 | D:1      | shmeve the Minotaur Berserker began the quest for the Orb.
     0 | D:1      | Reached XP level 1. HP: 19/19 MP: 0/0
   433 | D:1      | Reached XP level 2. HP: 18/27 MP: 1/1
   833 | D:2      | Reached XP level 3. HP: 29/34 MP: 2/2
   923 | D:2      | Reached ** piety under Trog
  1155 | D:2      | Noticed Crazy Yiuf
  1164 | D:2      | Killed Crazy Yiuf
  1164 | D:2      | Reached XP level 4. HP: 9/41 MP: 3/3
  1434 | D:2      | Found a burning altar of Makhleb.
  1436 | D:2      | Found an opulent altar of Gozag.
  1496 | D:2      | Noticed Robin
  1501 | D:2      | Killed Robin
  1921 | D:2      | Reached *** piety under Trog
  2023 | D:2      | Reached XP level 5. HP: 47/47 MP: 4/4
  2106 | D:3      | Found a blossoming altar of Fedhas.
  2137 | D:3      | Reached skill level 5 in Fighting
  2137 | D:3      | Reached skill level 5 in Axes
  2207 | D:3      | Reached XP level 6. HP: 51/56 MP: 5/5
  2255 | D:3      | Mangled by an ogre

Skill      XL: |  1  2  3  4  5 |
---------------+----------------+-----
Fighting       | 4 5 |  5.6
Axes           | 4 5 |  5.5
Armour         | 3 |  3.9
Dodging        | 3 |  3.5

Action                   |  1- 3 |  4- 6 || total
-------------------------+-------+-------++-------
Melee: Hand axe          |    50 |    95 ||   145
       Headbutt          |     9 |    14 ||    23
Invok: Berserk           |     1 |     1 ||     2
 Stab: Sleeping          |     1 |     2 ||     3
       Distracted        |       |     1 ||     1
  Eat: Chunk             |     1 |     5 ||     6
Armor: Animal skin       |     8 |    18 ||    26
Dodge: Dodged            |    47 |    67 ||   114
